 Dungeon Crawl Stone Soup version 0.30-a0-373-gd37427bb62 (webtiles) character file.

Game seed: 14563668602558703635

42 Maxmaps the Trooper (level 3, -2/29 HPs)
             Began as a Demonspawn Gladiator on Nov 25, 2022.
             Slain by Terence
             ... wielding a +0 flail
              (7 damage)
             ... on level 2 of the Dungeon.
             The game lasted 00:00:54 (854 turns).

Maxmaps the Trooper (Demonspawn Gladiator)           Turns: 854, Time: 00:00:55

Health: -2/29      AC:  7    Str: 14    XL:     3   Next: 35%
Magic:  3/3        EV: 10    Int: 11    God:
Gold:   86         SH:  4    Dex: 14    Spells: 2/2 levels left

rFire   . . .      SeeInvis .    a - +0 long sword
rCold   . . .      Faith    .    (no shield)
rNeg    . . .      Spirit   .    g - +0 scale mail
rPois   .          Reflect  .    c - +0 helmet
rElec   .          Harm     .    (no cloak)
rCorr   .          Rampage  .    (no gloves)
Will    .....                    (no boots)
Stlth   ..........               (no amulet)
HPRegen 0.24/turn                (no ring)
MPRegen 0.08/turn                (no ring)

@: hasted, very quick
A: powered by death 1, condensation shield
a: no special abilities


You were on level 2 of the Dungeon.
You visited 1 branch of the dungeon, and saw 2 of its levels.

You collected 86 gold pieces.

Inventory:

Hand Weapons
 a - a +0 long sword (weapon)
Missiles
 d - 3 throwing nets (quivered)
 e - a javelin
Armour
 c - a +0 helmet (worn)
 g - a +0 scale mail (worn)
Scrolls
 b - a scroll of immolation {unknown}
 f - a scroll of butterflies {unknown}
 i - a scroll of identify {unknown}


   Skills:
 - Level 3.0 Fighting
 - Level 2.6 Long Blades
 - Level 1.7 Throwing
 + Level 1.8 Armour
 - Level 2.6 Dodging


You had 2 spell levels left.
You didn't know any spells.
Your spell library was empty.

Dungeon Overview and Level Annotations

Branches:
Dungeon (2/15)

Altars:

Annotations:
D:2 Terence


Innate Abilities, Weirdness & Mutations

You regenerate a little health from kills.
A meltable shield of frost defends you. (SH +4)


Message History

The endoplasm quivers.
Found a club.
Terence hits you with a +0 flail.
There are monsters nearby!
You closely miss Terence. Terence hits you with a +0 flail.
You hit Terence.
Terence is lightly wounded.
Terence hits you with a +0 flail.
A hobgoblin comes into view.
The hobgoblin shouts!
The endoplasm attacks as you move away! You block the endoplasm's attack.
Terence attacks as you move away! Terence hits you with a +0 flail!
The endoplasm attacks as you move away! You block the endoplasm's attack.
Terence shouts, "Get ready for death!"
It was a potion of haste.
You feel yourself speed up. The endoplasm freezes you.
You are frozen.
You slash the endoplasm!
You kill the endoplasm!
You barely miss Terence.
Terence is lightly wounded.
Terence closely misses you.
You hit Terence but do no damage.
Terence is lightly wounded.
Terence hits you with a +0 flail!
* * * LOW HITPOINT WARNING * * *
You hit Terence.
Terence is heavily wounded.
You hit Terence.
Terence is severely wounded.
Terence closely misses you.
You hit Terence.
Terence is severely wounded.
Terence hits you but does no damage.
You hit Terence but do no damage.
Terence is severely wounded.
Terence closely misses you.
You hit Terence.
Terence is almost dead.
Terence hits you with a +0 flail!
You die...

#### ).. #########[# ###
#(..@@g...# ##.##
#.######..# ##.#.##
#.######..#
#.###.#######...........
.##
##........######..###
#.###.#######.# ...#
##...## ..# .#.# #.....#
#### . .# #.....#


You could see Terence and a hobgoblin.

Vanquished Creatures
  A gnoll (D:1)
  A dart slug (D:1)
  4 ball pythons (D:1)
  3 endoplasms
  A giant cockroach (D:1)
  2 hobgoblins (D:1)
  4 quokkas (D:1)
  2 bats (D:1)
  3 frilled lizards (D:1)
  4 goblins (D:1)
  A kobold (D:1)
  2 rats (D:1)
28 creatures vanquished.

Notes
Turn   | Place    | Note
-------+----------+-------------------------------------------
     0 | D:1      | Maxmaps the Demonspawn Gladiator began the quest for the
                  | Orb.
     0 | D:1      | Reached XP level 1. HP: 16/16 MP: 1/1
    15 | D:1      | Found Liol's Magic Scroll Boutique.
   144 | D:1      | Gained mutation: A meltable shield of frost defends you.
                  | (SH +4) [demonic ancestry]
   144 | D:1      | Reached XP level 2. HP: 18/23 MP: 2/2
   149 | D:1      | Reached skill level 3 in Fighting
   398 | D:1      | Reached skill level 1 in Armour
   398 | D:1      | Gained mutation: You regenerate a little health from kills.
                  | [demonic ancestry]
   398 | D:1      | Reached XP level 3. HP: 23/29 MP: 3/3
   838 | D:2      | Noticed Terence
   854 | D:2      | Slain by Terence

Illustrated notes

Levels and vault maps discovered:
D:1:      minmay_arrival_doors, layout_loops_ring, serial_shops, shop
D:2:      minmay_wonky_spiral, layout_loops_ring,
          chequers_serial_rivers_micro_e, feat_on_display, uniq_terence,
          uniq_sigmund

Skill      XL: |  1  2 |
---------------+-------+-----
Fighting       | 3 |  3.0
Armour         | 1 |  1.8
Long Blades    | |  2.6
Throwing       | |  1.7
Dodging        | |  2.6

Action                   || total
-------------------------++-------
Melee: Long sword        ||    96
       Punch             ||     1
  Use: Potion            ||     1
Armor: Leather armour    ||    19
       Scale mail        ||    13
Dodge: Dodged            ||    64
Block: Other             ||     9

Table legend: (Time is in decaauts)
 A = Elapsed time spent in this place.
 B = Non-inter-level travel time spent in this place.
 C = Inter-level travel time spent in this place.
 D = Time resting spent in this place.
 E = Time spent auto-exploring this place.
 F = Levels seen in this place.
 G = Mean time per level.
                   A        B        C        D        E       F      G
               +--------+--------+--------+--------+--------+-----+--------+
         Total |    876 |    847 |     29 |     55 |    542 |   2 |  438.0 |
       Dungeon |    876 |    847 |     29 |     55 |    542 |   2 |  438.0 |
               +--------+--------+--------+--------+--------+-----+--------+

Top non-repeatable levels by time:
     D:1: 825 daAuts
     D:2: 51 daAuts
